 Dungeon Sprint DCSS version 0.23.2-30-g0e89c35 (webtiles) character file.

Game seed: 605627228736710219

88687 Fang the Slayer (level 15, -1/119 HPs)
             Began as a Gargoyle Berserker on June 12, 2019.
             Was the Champion of Trog.
             Killed by drain life
             ... invoked by a soul eater
              (10 damage)
             ... in the Dungeon (Sprint V: "Ziggurat Sprint").
             The game lasted 00:10:27 (2223 turns).

Fang the Slayer (Gargoyle Berserker)                Turns: 2223, Time: 00:10:28

Health: -1/119     AC: 54    Str: 34    XL:     15   Next: 94%
Magic:  15/15      EV: 18    Int:  7    God:    Trog [******]
Gold:   0          SH:  3    Dex: 13    Spells: 14/14 levels left

rFire    + . .     SeeInvis +   k - +9 executioner's axe (chop)
rCold    + + +     Gourm    .   (shield currently unavailable)
rNeg     + . .     Faith    .   j - +15 Maxwell's patent armour {-Cast -Tele rElec MR+ rCorr}
rPois    ∞         Spirit   .   a - +2 helmet {SInv}
rElec    +         Reflect  +   J - +3 cloak of Hairiness {+Blink rF+ rC- Str+6}
rCorr    +         Harm     .   (no gloves)
MR       +....     NoTele   +   (no boots) Stlth ..........NoCast +
                                g - +3 amulet of reflection
HPRegen  0.29/turn              H - ring "Waycuo Vewa" {rC+ Int-2 Dex+4 Slay+5 SInv}
MPRegen  0.14/turn              b - ring of Ajoloxt {rC+++ MR- Str+2 Slay+2}

@: berserk cooldown, slowed, studying Polearms, very slow
A: big wings, negative energy resistance 1, electricity resistance, unbreathing,
petrification resistance, rot immunity, subdued magic 1, AC +11
a: Fly, Berserk, Trog's Hand, Brothers in Arms, Renounce Religion, Evoke Blink


You were in the Dungeon.
You worshipped Trog.
Trog was exalted by your worship.
You were near starving.

You visited 1 branch

Inventory:

Hand Weapons
 k - a +9 executioner's axe of chopping (weapon)
 q - a +1 battleaxe of electrocution
 E - a +2 executioner's axe of holy wrath
 G - the +4 hand axe of Undoing {protect, rF+ Int+4}
   (You found it in the Dungeon)

   It protects the one who uses it against injury (+AC on strike).
   It affects your intelligence (+4).
   It protects you from fire.
 K - a +6 battleaxe of freezing
 O - a +4 antimagic executioner's axe
 R - a +6 battleaxe of flaming
 S - the +6 hand axe "Ymocymo" {vamp, rPois rF+++ Dex-2, unknown}
   (Trog gifted it to you in the Dungeon)

   It inflicts no extra harm, but heals its wielder when it wounds a living foe.
   It affects your dexterity (-2).
   It renders you almost immune to fire.
   It protects you from poison.
 V - the +2 battleaxe "Juekaur" {venom, rF+ MR+++ Int-5}
   (Trog gifted it to you in the Dungeon)

   It poisons the flesh of those it strikes.
   It affects your intelligence (-5).
   It protects you from fire.
   It affects your resistance to hostile enchantments.
Armour
 a - a +2 helmet of see invisible (worn)
 j - the +15 Maxwell's patent armour (worn) {-Cast -Tele rElec MR+ rCorr}
   (You found it in the Dungeon)

   It insulates you from electricity.
   It affects your resistance to hostile enchantments.
   It prevents spellcasting.
   It prevents most forms of teleportation.
   It provides partial protection from all sources of acid and corrosion.
 F - a +2 cloak of magic resistance
 I - the cursed +0 plate armour of Wargh {rElec rC- Str+3 Slay+4}
   (You found it in the Dungeon)

   It affects your strength (+3).
   It affects your accuracy and damage with ranged weapons and melee attacks
   (+4).
   It makes you vulnerable to cold.
   It insulates you from electricity.
   It has a curse placed upon it.
 J - the +3 cloak of Hairiness (worn) {+Blink rF+ rC- Str+6}
   (You found it in the Dungeon)

   It affects your strength (+6).
   It protects you from fire.
   It makes you vulnerable to cold.
   It lets you blink.
Jewellery
 b - the ring of Ajoloxt (right hand) {rC+++ MR- Str+2 Slay+2}
   (You found it in the Dungeon)

   [ring of slaying]

   It affects your strength (+2).
   It affects your accuracy and damage with ranged weapons and melee attacks
   (+2).
   It renders you almost immune to cold.
   It affects your resistance to hostile enchantments.
 g - a +3 amulet of reflection (around neck)
 u - a +2 ring of protection
 v - the ring "Buxapif" {+Inv rElec rPois AC+3}
   (You found it in the Dungeon)

   [ring of protection]

   It affects your AC (+3).
   It insulates you from electricity.
   It protects you from poison.
   It lets you turn invisible.
 z - an uncursed ring of magical power
 B - the ring of Xom's Whimsicality {rCorr rN+}
   (You took it off a wight in the Dungeon)

   [ring of resist corrosion]

   It protects you from negative energy.
 H - the ring "Waycuo Vewa" (left hand) {rC+ Int-2 Dex+4 Slay+5 SInv}
   (You took it off a deep elf mage in the Dungeon)

   [ring of see invisible]

   It affects your intelligence (-2).
   It affects your dexterity (+4).
   It affects your accuracy and damage with ranged weapons and melee attacks
   (+5).
   It protects you from cold.
   It lets you see invisible.
 P - an uncursed ring of protection from magic
 Q - a +2 amulet of reflection
 T - an uncursed ring of protection from fire
Wands
 w - a wand of disintegration (7)
 x - a wand of iceblast (7)
 y - a wand of acid (7)
Scrolls
 i - 4 scrolls of blinking
 l - 9 scrolls of fog
 m - a scroll of holy word
 n - 5 scrolls of identify
 o - 5 scrolls of remove curse
 p - 2 scrolls of fear
 C - 4 scrolls of enchant weapon
 L - 2 scrolls of enchant armour
Potions
 d - 11 potions of curing
 e - 14 potions of heal wounds
 f - 6 potions of haste
 h - 5 potions of berserk rage
 r - 2 potions of invisibility
 s - 4 potions of resistance
Books
 M - a manual of Polearms
Comestibles
 c - 7 rations


   Skills:
 + Level 23.1 Fighting
 + Level 21.4 Axes
 + Level 21.4 Armour
 + Level 17.3 Dodging


You had 14 spell levels left.
You didn't know any spells.
Your spell library was empty.

Dungeon Overview and Level Annotations

Branches:
Dungeon (1/1)

Altars:
Ashenzari
Cheibriados
Dithmenos
Elyvilon
Fedhas
Gozag
Hepliaklqana
Kikubaaqudgha
Makhleb
Nemelex Xobeh
Okawaru
Qazlal
Ru
Sif Muna
Trog
Uskayaw
Vehumet
Wu Jian
Xom
Yredelemnul
Zin
The Shining One
Beogh
Jiyva
Lugonu

Annotations:
D Prince Ribbit


Innate Abilities, Weirdness & Mutations

You are resistant to torment.
Your stone body is resilient. (AC +11)
You are immune to poison.
Your large and strong wings let you fly indefinitely.
You resist negative energy. (rN+)
You are resistant to electric shocks. (rElec)
You can survive without breathing.
You are immune to petrification.
You are immune to rotting.
Your spells are a little easier to cast, but a little less powerful.


Message History

The soul eater draws from the surrounding life force!
* * * LOW HITPOINT WARNING * * *
Your iron troll is drained of life.
The soul eater is healed.
The ghoul misses you. The ghoul claws you but does no damage.
Your iron troll rages.
You slice the ghoul!!
The ghoul is moderately damaged.
You barely miss the ghoul. You slice the flying skull!!
You destroy the flying skull!
Trog accepts your kill.
You hit the soul eater.
The ghoul claws you but does no damage. x2
The ghoul closely misses you. The ghoul barely misses you.
Your iron troll bites the soul eater!!
Your iron troll claws the soul eater but does no damage.
Your iron troll barely misses the soul eater.
The ghoul completely misses you. The ghoul closely misses you.
The soul eater hits you but does no damage.
The soul eater hits your iron troll!
The soul eater draws from the surrounding life force!
You die...

..=|[[||)|)))..▓........
▓......)[[......▓........
▓...............▓......[.
▓...............▓......).
▓...............▓..▓.....
▓......3Z3......▓.▓▓▓....
▓......3n.......▓..▓.....
▓.....T3nZ......▓........
...▓...@...▓...▓......©.
. ▓▓.....▓▓ ..▓▓▓▓▓▓▓▓▓
...▓.......▓...▓.≈...8©8
...............▓.[})}≈|)
.......©.......▓≈≈|))≈|)
▓▓▓▓▓▓▓▓▓▓▓▓▓▓▓▓≈≈..≈.≈.
▓≈≈..≈≈). ▓≈.≈.≈≈).
▓......))


You could see 2 ghouls, 4 soul eaters, a ball python skeleton, an adder skeleton
and a friendly iron troll (berserk).

Vanquished Creatures
  A bone dragon (D)
  A Tzitzimitl (D)
  A lich (D)
  A deep elf master archer (D)
  Frances (D)
  2 shadow dragons (D)
  2 fire giants (D)
  A deep elf elementalist (D)
  2 ghouls (D)
  2 vampire knights (D)
  Nessos (D)
  A deep elf death mage (D)
  3 fire dragons (D)
  A merfolk impaler (D)
  A merfolk avatar (D)
  An ice dragon (D)
  A merfolk aquamancer (D)
  2 hell hogs (D)
  2 dancing weapons (D)
  A vampire mage (D)
  A soul eater (D)
  2 deep elf knights (D)
  A skeletal warrior (D)
  2 sea snakes (D)
  A deep elf archer (D)
  2 harpies (D)
  5 necromancers (D)
  7 deep elf magi (D)
  2 manticores (D)
  A shining eye (D)
  2 cyclopes (D)
  5 black mambas (D)
  3 guardian serpents (D)
  6 naga magi (D)
  An eye of devastation (D)
  2 freezing wraiths (D)
  An efreet (D)
  2 ice devils (D)
  2 merfolk (D)
  A jumping spider (D)
  A slime creature (D)
  A raiju (D)
  2 hippogriffs (D)
  An air elemental (D)
  A flying skull (D)
  A vampire (D)
  4 water elementals (D)
  2 wraiths (D)
  5 shadows (D)
  3 fire elementals (D)
  A golden eye (D)
  7 water moccasins (D)
  4 hell hounds (D)
  A floating eye (D)
  An ice beast (D)
  3 necrophages (D)
  An eye of draining (D)
  3 centaurs (D)
  A small abomination (D)
  3 scorpions (D)
  5 wights (D)
  3 quasits (D)
  A crimson imp (D)
  2 iron imps (D)
  3 jellies (D)
  4 adders (D)
  A shadow imp (D)
  3 white imps (D)
  2 ufetubi (D)
  5 adder skeletons (D)
  3 adder zombies (D)
  3 bat skeletons (D)
  5 bat zombies (D)
  2 ball pythons (D)
  3 giant cockroach zombies (D)
  A jackal skeleton (D)
  2 leopard gecko skeletons (D)
  2 leopard gecko zombies (D)
  A quokka skeleton (D)
  A quokka zombie (D)
  A fire vortex (D)
176 creatures vanquished.

Vanquished Creatures (collateral kills)
  Saint Roka (D)
  A deep elf master archer (D)
  Polyphemus (D)
  Roxanne (D)
  A ghoul (D)
  A deep elf death mage (D)
  A merfolk javelineer (D)
  An alligator snapping turtle (D)
  A soul eater (D)
  A deep elf knight (D)
  A cyclops (D)
  A merfolk siren (D)
  2 merfolk (D)
  Grinder (D)
  A water elemental (D)
  Grum (D)
  Edmund (D)
  Duvessa (D)
  Blork the orc (D)
  Dowan (D)
  A bat skeleton (D)
22 creatures vanquished.

Vanquished Creatures (others)
  A deep elf high priest (D)
  Sonja (D)
  A deep elf knight (D)
  A spatial maelstrom (D)
  A deep elf archer (D)
5 creatures vanquished.

Grand Total: 203 creatures vanquished

Notes
Turn   | Place    | Note
-------+----------+-------------------------------------------
     0 | D        | Found the +6 Majin-Bo {vamp, Archmagi MP+6 Int+6}
     0 | D        | Found the +7 great mace "Firestarter" {inner flame, rF++}
     0 | D        | Fang the Gargoyle Berserker began the quest for the Orb.
     0 | D        | Reached XP level 1. HP: 14/14 MP: 1/1
     0 | D        | Found a blossoming altar of Fedhas.
     1 | D        | Found a transporter.
     1 | D        | Found a viscous altar of Jiyva.
     1 | D        | Found an ancient bone altar of Kikubaaqudgha.
     1 | D        | Found a hazy altar of Hepliaklqana.
     1 | D        | Found a corrupted altar of Lugonu.
     1 | D        | Found an opulent altar of Gozag.
     1 | D        | Found a burning altar of Makhleb.
     5 | D        | Found a stormy altar of Qazlal.
     5 | D        | Found an iron altar of Okawaru.
     5 | D        | Found a sacrificial altar of Ru.
     5 | D        | Found a sparkling altar of Nemelex Xobeh.
     5 | D        | Found a deep blue altar of Sif Muna.
     5 | D        | Found a bloodstained altar of Trog.
     9 | D        | Banished a spatial maelstrom
    11 | D        | Found the +9 heavy crossbow "Sniper" {velocity, Acc+∞ SInv}
    11 | D        | Found the +10 dark maul {crush}
    11 | D        | Found the +15 Maxwell's patent armour {-Cast -Tele rElec
                  | MR+ rCorr}
    11 | D        | Found the +18 shield of the Gong {rElec rN+ MR+ EV-5}
    11 | D        | Found the cursed +14 obsidian axe {chop, +Fly SInv *Curse}
    67 | D        | Entered arena 2.
    67 | D        | Noticed a necrophage
    67 | D        | Found a transporter.
    74 | D        | Killed a necrophage
    74 | D        | Reached skill level 5 in Fighting
    74 | D        | Reached skill level 5 in Armour
    74 | D        | Reached XP level 2. HP: 22/22 MP: 2/2
    74 | D        | Reached XP level 3. HP: 27/27 MP: 3/3
    74 | D        | Reached XP level 4. HP: 32/32 MP: 4/4
   131 | D        | Entered arena 3.
   131 | D        | Found a transporter.
   147 | D        | Reached ** piety under Trog
   147 | D        | Reached skill level 6 in Fighting
   147 | D        | Reached skill level 5 in Axes
   147 | D        | Reached XP level 5. HP: 28/36 MP: 5/5
   253 | D        | Entered arena 4.
   253 | D        | Noticed a jumping spider
   253 | D        | Found a transporter.
   256 | D        | Reached *** piety under Trog
   256 | D        | Reached skill level 7 in Fighting
   256 | D        | Reached skill level 5 in Dodging
   256 | D        | Reached XP level 6. HP: 44/44 MP: 6/6
   259 | D        | Reached skill level 8 in Fighting
   266 | D        | Killed a jumping spider
   266 | D        | Reached skill level 9 in Fighting
   266 | D        | Reached XP level 7. HP: 44/51 MP: 7/7
   309 | D        | Entered arena 5.
   309 | D        | Found a transporter.
   313 | D        | Reached **** piety under Trog
   341 | D        | Entered arena 6.
   341 | D        | Found a transporter.
   345 | D        | Reached ***** piety under Trog
   346 | D        | Reached skill level 10 in Fighting
   346 | D        | Reached XP level 8. HP: 38/57 MP: 8/8
   449 | D        | Entered arena 7.
   449 | D        | Noticed a deep elf mage
   449 | D        | Noticed a water elemental
   449 | D        | Noticed a deep elf mage
   449 | D        | Noticed a deep elf mage
   449 | D        | Noticed a deep elf death mage
   449 | D        | Noticed a +1 vampiric battleaxe
   450 | D        | Found the +2 robe of Vines {NoPotionHeal Regen+7}
   450 | D        | Found a transporter.
   450 | D        | Noticed a red devil
   454 | D        | Noticed a sun demon
   456 | D        | Noticed a sun demon
   457 | D        | Killed a deep elf death mage
   457 | D        | Received a gift from Trog
   457 | D        | Reached skill level 11 in Fighting
   457 | D        | Reached skill level 10 in Armour
   457 | D        | Reached XP level 9. HP: 64/64 MP: 9/9
   458 | D        | Killed a +1 vampiric battleaxe
   458 | D        | Reached skill level 10 in Axes
   463 | D        | Killed a deep elf mage
   463 | D        | Reached skill level 12 in Fighting
   464 | D        | Killed a deep elf mage
   464 | D        | Received a gift from Trog
   468 | D        | Killed a deep elf mage
   468 | D        | Reached ****** piety under Trog
   468 | D        | Reached XP level 10. HP: 72/72 MP: 10/10
   507 | D        | Entered arena 8.
   507 | D        | Noticed a deep elf archer
   507 | D        | Noticed a deep elf knight
   507 | D        | Noticed a +4 short sword of venom
   507 | D        | Noticed a deep elf knight
   507 | D        | Noticed a deep elf mage
   507 | D        | Noticed a deep elf mage
   508 | D        | Found a transporter.
   511 | D        | Killed a +4 short sword of venom
   511 | D        | Reached skill level 13 in Fighting
   511 | D        | Reached skill level 10 in Dodging
   513 | D        | Killed a deep elf mage
   514 | D        | Killed a deep elf mage
   514 | D        | Received a gift from Trog
   522 | D        | Killed a deep elf knight
   524 | D        | Killed a deep elf knight
   526 | D        | Killed a deep elf archer
   526 | D        | Reached skill level 14 in Fighting
   526 | D        | Reached XP level 11. HP: 49/80 MP: 11/11
   695 | D        | Entered arena 9.
   697 | D        | Found a transporter.
   699 | D        | Received a gift from Trog
   728 | D        | Entered arena 10.
   728 | D        | Noticed a cyclops
   728 | D        | Noticed a cyclops
   729 | D        | Found a transporter.
   737 | D        | Killed a cyclops
   738 | D        | Killed a cyclops
   740 | D        | Received a gift from Trog
   762 | D        | Entered arena 11.
   762 | D        | Noticed a shining eye
   763 | D        | Found a transporter.
   763 | D        | Paralysed by a floating eye for 3 turns
   766 | D        | Gained mutation: Your spells are a little easier to cast,
                  | but a little less powerful. [a shining eye]
   771 | D        | Killed a shining eye
   771 | D        | Received a gift from Trog
   771 | D        | Reached skill level 15 in Fighting
  1042 | D        | Entered arena 12.
  1044 | D        | Found a transporter.
  1046 | D        | Reached skill level 15 in Armour
  1049 | D        | Received a gift from Trog
  1052 | D        | Received a gift from Trog
  1068 | D        | Got the ring "Buxapif" {+Inv rElec rPois AC+3}
  1094 | D        | Entered arena 13.
  1094 | D        | Noticed a vampire knight
  1094 | D        | Identified the ring of Xom's Whimsicality {rCorr rN+}
  1095 | D        | Noticed a skeletal warrior
  1101 | D        | Received a gift from Trog
  1103 | D        | Killed a vampire knight
  1103 | D        | Reached skill level 16 in Fighting
  1103 | D        | Reached XP level 12. HP: 89/89 MP: 12/12
  1167 | D        | Found a transporter.
  1185 | D        | Entered arena 14.
  1186 | D        | Noticed a deep elf death mage
  1186 | D        | Noticed a deep elf elementalist
  1186 | D        | Noticed a deep elf master archer
  1186 | D        | Noticed a deep elf high priest
  1186 | D        | Noticed a deep elf master archer
  1186 | D        | Noticed a deep elf knight
  1186 | D        | Noticed a deep elf knight
  1187 | D        | Identified the +3 long sword of the Unkillable {slice, +Inv
                  | rF+}
  1187 | D        | Identified the ring "Waycuo Vewa" {rC+ Int-2 Dex+4 Slay+5
                  | SInv}
  1188 | D        | Found a transporter.
  1192 | D        | Received a gift from Trog
  1193 | D        | Killed a deep elf high priest
  1194 | D        | Killed a deep elf master archer
  1194 | D        | Reached skill level 17 in Fighting
  1195 | D        | Killed a deep elf knight
  1196 | D        | Killed a deep elf knight
  1198 | D        | Killed a deep elf elementalist
  1199 | D        | Received a gift from Trog
  1199 | D        | Reached skill level 18 in Fighting
  1199 | D        | Killed a deep elf death mage
  1201 | D        | Killed a deep elf master archer
  1430 | D        | Entered arena 15.
  1433 | D        | Received a gift from Trog
  1435 | D        | Reached skill level 15 in Axes
  1435 | D        | Received a gift from Trog
  1437 | D        | Reached skill level 19 in Fighting
  1438 | D        | Received a gift from Trog
  1438 | D        | Received a gift from Trog
  1439 | D        | Reached XP level 13. HP: 98/100 MP: 13/13
  1445 | D        | Found a transporter.
  1461 | D        | Got the cursed +0 plate armour of Wargh {rElec rC- Str+3
                  | Slay+4}
  1478 | D        | Entered arena 16.
  1479 | D        | Noticed Nessos
  1479 | D        | Noticed Dowan
  1479 | D        | Noticed Prince Ribbit
  1479 | D        | Noticed Grum
  1479 | D        | Noticed Grinder
  1479 | D        | Noticed Blork the orc
  1479 | D        | Noticed Sonja
  1479 | D        | Noticed Saint Roka
  1479 | D        | Noticed Frances
  1479 | D        | Noticed Edmund
  1480 | D        | Noticed Duvessa
  1480 | D        | Noticed Polyphemus
  1480 | D        | Identified Roxanne's Disquisition on Transformation
  1480 | D        | Noticed Roxanne
  1485 | D        | Killed Blork the orc
  1489 | D        | Killed Edmund
  1494 | D        | Killed Polyphemus
  1494 | D        | Received a gift from Trog
  1495 | D        | Killed Frances
  1495 | D        | Received a gift from Trog
  1498 | D        | Killed Nessos
  1498 | D        | Killed Saint Roka
  1498 | D        | Reached skill level 20 in Fighting
  1500 | D        | Killed Duvessa
  1502 | D        | Killed Sonja
  1502 | D        | Killed Grum
  1502 | D        | Killed Dowan
  1502 | D        | Received a gift from Trog
  1503 | D        | Killed Grinder
  1504 | D        | Found a transporter.
  1510 | D        | Killed Roxanne
  1513 | D        | Got the ring of Ajoloxt {rC+++ MR- Str+2 Slay+2}
  1522 | D        | Got the +4 hand axe of Undoing {protect, rF+ Int+4}
  1623 | D        | Entered arena 17.
  1636 | D        | Noticed a fire dragon
  1636 | D        | Noticed a fire giant
  1637 | D        | Noticed a fire dragon
  1637 | D        | Noticed a fire dragon
  1637 | D        | Noticed a fire giant
  1638 | D        | Found a transporter.
  1641 | D        | Received a gift from Trog
  1644 | D        | Killed a fire dragon
  1644 | D        | Reached skill level 15 in Dodging
  1647 | D        | Killed a fire dragon
  1649 | D        | Killed a fire dragon
  1653 | D        | Killed a fire giant
  1653 | D        | Received a gift from Trog
  1653 | D        | Reached skill level 21 in Fighting
  1653 | D        | Killed a fire giant
  1932 | D        | Entered arena 18.
  1935 | D        | Noticed an ice dragon
  1939 | D        | Found a transporter.
  1941 | D        | Received a gift from Trog
  1945 | D        | Received a gift from Trog
  1945 | D        | Gained mutation: Your large and strong wings let you fly
                  | indefinitely. [Gargoyle growth]
  1945 | D        | Reached XP level 14. HP: 110/110 MP: 14/14
  1949 | D        | Received a gift from Trog
  1985 | D        | Got the +3 cloak of Hairiness {+Blink rF+ rC- Str+6}
  2005 | D        | Entered arena 19.
  2016 | D        | Received a gift from Trog
  2017 | D        | Found a transporter.
  2028 | D        | Received a gift from Trog
  2036 | D        | Received a gift from Trog
  2082 | D        | Got a translucent hand axe {god gift}
  2108 | D        | Entered arena 20.
  2115 | D        | Noticed a vampire knight
  2116 | D        | Noticed a ghoul
  2117 | D        | Noticed a lich
  2122 | D        | Killed a vampire knight
  2122 | D        | Reached skill level 22 in Fighting
  2123 | D        | Received a gift from Trog
  2127 | D        | Received a gift from Trog
  2129 | D        | Killed a ghoul
  2131 | D        | Killed a lich
  2131 | D        | Received a gift from Trog
  2133 | D        | Found a transporter.
  2173 | D        | Got an ichor-stained battleaxe {god gift}
  2178 | D        | Identified the +2 battleaxe "Juekaur" {venom, rF+ MR+++
                  | Int-5} (Trog gifted it to you in the Dungeon)
  2189 | D        | Entered arena 21.
  2193 | D        | Noticed a Tzitzimitl
  2193 | D        | Noticed a shadow dragon
  2193 | D        | Noticed a shadow dragon
  2194 | D        | Noticed a bone dragon
  2194 | D        | Noticed a ghoul
  2194 | D        | Noticed a ghoul
  2196 | D        | Reached XP level 15. HP: 80/118 MP: 15/15
  2199 | D        | Received a gift from Trog
  2203 | D        | Killed a shadow dragon
  2203 | D        | Killed a ghoul
  2204 | D        | Killed a shadow dragon
  2206 | D        | Killed a Tzitzimitl
  2206 | D        | Received a gift from Trog
  2207 | D        | Killed a ghoul
  2208 | D        | Received a gift from Trog
  2208 | D        | Reached skill level 23 in Fighting
  2214 | D        | Killed a bone dragon
  2216 | D        | Noticed a ghoul
  2216 | D        | Noticed a ghoul
  2223 | D        | Killed from afar by a soul eater

Skill      XL: |  1  2  3  4  5  6  7  8  9 10 11 12 13 14 15 |
---------------+----------------------------------------------+-----
Fighting       | 5 6 7 9 10 11 12 14 16 19 21 22 23 | 23.1
Axes           | 4 5 6 7 8 9 10 12 13 15 18 20 21 | 21.4
Armour         | 5 6 8 9 10 12 13 15 17 19 20 21 | 21.4
Dodging        | 3 4 5 6 7 8 9 11 12 14 15 16 17 | 17.3

Action                   |  1- 3 |  4- 6 |  7- 9 | 10-12 | 13-15 || total
-------------------------+-------+-------+-------+-------+-------++-------
Melee: Executioner's axe |     6 |    35 |    29 |    84 |    90 ||   244
       Battleaxe         |       |       |       |       |    13 ||    13
Invok: Berserk           |     1 |       |     1 |     4 |     4 ||    10
       Brothers in Arms  |       |       |       |     1 |     6 ||     7
       Trog's Hand       |       |       |       |       |     1 ||     1
  Use: Scroll            |       |       |     4 |       |     3 ||     7
       Potion            |       |       |       |       |     5 ||     5
  Eat: Chunk             |       |       |       |     4 |     8 ||    12
       Ration            |       |       |       |     1 |       ||     1
Armor: Plate armour      |    10 |   205 |    48 |   123 |   168 ||   554
Dodge: Dodged            |     8 |   130 |    45 |   102 |   145 ||   430
Block: Other             |       |       |     2 |    22 |    21 ||    45
       Reflection        |       |       |       |     4 |     2 ||     6
